 Dungeon Crawl Stone Soup version 0.31-a0-152-g6aa68a64a1 (webtiles) character file.

Game seed: 433972199379875463

5602 qw the Skirmisher (level 10, 0/57 HPs)
             Began as a Gargoyle Hunter on June 11, 2023.
             Was an Elder of Okawaru.
             Slain by a yak (8 damage)
             ... on level 9 of the Dungeon.
             The game lasted 00:03:22 (7241 turns).

qw the Skirmisher (Gargoyle Hunter)                 Turns: 7241, Time: 00:03:23

Health: 0/57       AC: 20    Str: 10    XL:     10   Next: 73%
Magic:  12/14      EV: 17    Int: 11    God:    Okawaru [****..]
Gold:   426        SH:  0    Dex: 17    Spells: 9/9 levels left

rFire   + . .        l - +0 orcbow
rCold   x . .        (shield currently unavailable)
rNeg    + . .        q - +1 robe {rF+}
rPois   inf          f - +2 helmet
rElec   +            b - +2 cloak of the Butcher {rElec rC- Will+++ Str-2}
rCorr   +            k - +2 pair of gloves
SInv    .            (no boots)
Will    +++..        o - amulet of faith
Stlth   +++          r - ring of resist corrosion
HPRegen 0.29/turn    (no ring)
MPRegen 0.14/turn

%: random rage (3%), faith
@: heroic
A: sickness immunity, AC +7, negative energy resistance 1, electricity
resistance, torment resistance 1, petrification resistance, berserk 1, frail 1,
weak 1
a: Renounce Religion, Heroism, Finesse


You were on level 9 of the Dungeon.
You worshipped Okawaru.
Okawaru was greatly pleased with you.
You visited 2 branches of the dungeon, and saw 10 of its levels.
You also visited: Sewer.

You collected 518 gold pieces.
You spent 92 gold pieces at shops.


Innate Abilities, Weirdness & Mutations

You are immune to sickness and miasma.
Your stone body is resilient. (AC +7)
You are immune to poison.
You resist negative energy. (rN+)
You are resistant to electric shocks. (rElec)
You are resistant to unholy torment.
You are immune to petrification.
You sometimes lose your temper in combat.
You are frail. (-10% HP)
You are weak. (Str -2)


   Skills:
 - Level 8.1(13.1) Fighting
 + Level 12.5(17.5) Ranged Weapons
 - Level 2.0(7.0) Armour
 - Level 4.1(9.1) Dodging
 - Level 1.1(6.1) Stealth
 + Level 5.6 Invocations


You had 9 spell levels left.
You didn't know any spells.
Your spell library was empty.

Inventory:

Hand Weapons
 l - a +0 orcbow (weapon)
 Y - a +1 shortbow of flaming
Armour
 a - +0 steam dragon scales
 b - the +2 cloak of the Butcher (worn) {rElec rC- Will+++ Str-2}
   (You found it on level 3 of the Dungeon)

   Str:       It affects your strength (-2).
   rC:        It makes you vulnerable to cold.
   rElec:     It insulates you from electricity.
   Will:      It greatly increases your willpower.
 f - a +2 helmet (worn)
 i - a +0 cloak
 k - a +2 pair of gloves (worn)
 q - a +1 robe of fire resistance (worn)
 s - +0 acid dragon scales
 t - a +0 troll leather armour
Jewellery
 h - a ring of willpower
 o - an amulet of faith (around neck)
 r - a ring of resist corrosion (left hand)
Scrolls
 c - 2 scrolls of identify
Potions
 d - a potion of haste
 e - 2 potions of curing
 g - a potion of lignification {unknown}
 j - a potion of attraction
 m - a potion of cancellation
 n - a potion of resistance {unknown}
 p - a potion of might {unknown}

Dungeon Overview and Level Annotations

Branches:
Dungeon (9/15)             Temple (1/1) D:5           Sewer (visited)
   Lair: D:8-11         Orc: D:9-12

Altars:
Ashenzari
Cheibriados
Dithmenos
Elyvilon
Fedhas
Gozag
Kikubaaqudgha
Makhleb
Nemelex Xobeh
Okawaru
Qazlal
Ru
Sif Muna
Trog
Uskayaw
Vehumet
Wu Jian
Xom
Yredelemnul
Zin
The Shining One

Shops:
D:4 [

Annotations:
D:6 2 transporters, qw's ghost, novice GrFi


Message History

The yak is heavily wounded.
You shoot an arrow. The arrow hits the yak!
The yak is severely wounded.
The yak closely misses you. The yak gores you but does no damage.
You shoot an arrow. The arrow closely misses the yak.
The yak closely misses you. The yak gores you but does no damage.
The yak gores you.
You shoot an arrow. The arrow barely misses the yak.
The yak closely misses you.
The yak gores you but does no damage. x2
You shoot an arrow. The arrow barely misses the yak.
The yak gores you but does no damage. The yak gores you! The yak gores you.
7232 ||| INVOKING Heroism.
You gain the combat prowess of a mighty hero.
The yak closely misses you.
The yak gores you but does no damage. x2
You shoot an arrow. The arrow hits the yak.
The yak is severely wounded.
You shoot an arrow. The arrow hits the yak!
You kill the yak!
Okawaru accepts your kill. The yak barely misses you.
You shoot an arrow.
The arrow hits the yak but does no damage.
The yak barely misses you. The yak gores you.
You shoot an arrow.
The arrow hits the yak but does no damage.
The yak misses you. The yak completely misses you. x2
You shoot an arrow. The arrow barely misses the yak.
You shoot an arrow. The arrow barely misses the yak.
The yak closely misses you. The yak gores you! The yak closely misses you.
You shoot an arrow. The arrow hits the yak!
The yak is moderately wounded.
The yak completely misses you. The yak barely misses you.
The yak completely misses you.
You shoot an arrow. The arrow hits the yak!!
The yak is almost dead.
You shoot an arrow.
The arrow hits the yak but does no damage.
The yak is almost dead.
The yak gores you. x2; The yak gores you!
You die...

#####....##########...
#...>......))))...
#....######.....%.
#....# #......) #....#
+.###### #....#
#.#....' #....#
+.#....' #....####
#.#....# #@Y......
..#....# #YY......
#....# #........ ####
# ......... ..
.#####... .. .. ... ..
.. ...


You could see 3 yaks.

Vanquished Creatures
  Maggie (D:9)
  An unseen horror zombie (D:8)
  Psyche (D:9)
  A troll (D:9)
  A hornet (D:8)
  6 yaks
  3 steam dragons
  Edmund (D:6)
  An acid dragon (D:8)
  4 black bears
  2 sky beasts
  A hornet zombie (D:8)
  2 centaurs
  2 kobold brigands
  3 bullfrogs
  2 gnoll sergeants
  2 scorpions
  5 wights (D:8)
  6 killer bees (D:9)
  3 howler monkeys (D:9)
  2 gnoll boudas
  3 hounds
  2 orc priests
  6 orc wizards
  Terence (D:2)
  5 iguanas
  Robin (D:2)
  14 gnolls
  10 adders
  A shadow imp (D:6)
  A white imp (D:7)
  2 ufetubi (D:6)
  8 worms
  A dart slug (D:3)
  21 orcs
  10 endoplasms
  5 giant cockroaches
  11 goblins
  7 hobgoblins
  7 jackals
  14 kobolds
  2 quokkas
  8 ball pythons
  2 bats (D:1)
  2 frilled lizards
  10 rats
204 creatures vanquished.

Notes
Turn   | Place    | Note
-------+----------+-------------------------------------------
     0 | D:1      | qw the Gargoyle Hunter began the quest for the Orb.
     0 | D:1      | Reached XP level 1. HP: 12/12 MP: 1/1
     0 | D:1      | 0 ||| qw: Version: 0.2-a-29-gdad1ea2
     0 | D:1      | 0 ||| qw: Game counter: 4053
     0 | D:1      | 0 ||| qw: Always use a shield: true
     0 | D:1      | 0 ||| qw: God list: Okawaru
     0 | D:1      | 0 ||| qw: Allow faded altars: false
     0 | D:1      | 0 ||| qw: Do Orc after D:15 true
     0 | D:1      | 0 ||| qw: Do second Lair branch before Depths: true
     0 | D:1      | 0 ||| qw: Lair rune preference: random
     0 | D:1      | 0 ||| qw: Plans: Normal, Zot:1-4, Slime:5, God:TSO, Crypt,
                  | Tomb, Abyss, Pan, Hells, Win
     0 | D:1      | 0 ||| PLANNING D:1-11
   255 | D:1      | Reached XP level 2. HP: 17/17 MP: 2/2
   527 | D:1      | 527 ||| UPGRADING to +0 cloak.
   532 | D:1      | 532 ||| UPGRADING to +2 pair of gloves.
   537 | D:1      | 537 ||| READING scroll labelled YPIQUA WUIGI.
   538 | D:1      | 538 ||| READING scroll labelled ONILIX OFEEMN.
   639 | D:1      | 639 ||| READING scroll labelled TYIFFU FIEPH.
   640 | D:1      | 640 ||| READING scroll labelled FIMORO QYILIO.
   641 | D:1      | 641 ||| DROPPING scroll of butterflies.
   727 | D:2      | Reached XP level 3. HP: 21/21 MP: 3/3
   815 | D:2      | Reached skill level 5 in Ranged Weapons
   876 | D:2      | Noticed Robin
   894 | D:2      | Killed Robin
   895 | D:2      | Reached skill level 3 in Fighting
   895 | D:2      | Reached XP level 4. HP: 21/28 MP: 4/4
   973 | D:2      | Noticed Terence
   986 | D:2      | Killed Terence
   987 | D:2      | Reached skill level 1 in Armour
  1281 | D:2      | 1281 ||| UPGRADING to +0 ring mail.
  1291 | D:2      | 1291 ||| DROPPING +0 leather armour.
  1292 | D:2      | 1292 ||| UPGRADING to +0 helmet.
  1297 | D:2      | 1297 ||| UPGRADING to ring of willpower.
  1298 | D:2      | 1298 ||| READING scroll labelled HOIBOA QOKAWI.
  1299 | D:2      | 1299 ||| READING 2 scrolls labelled OGYASTUGRI.
  1300 | D:2      | 1300 ||| READING scroll labelled YJELYU DASHRUDUAHOA.
  1305 | D:2      | 1305 ||| DROPPING scroll of immolation.
  1331 | D:3      | 1331 ||| PLANNING SEWER
  1383 | D:3      | Found a glowing drain.
  1383 | D:3      | Identified the +2 cloak of the Butcher {rElec rC- Will+++
                  | Str-2}
  1385 | D:3      | 1385 ||| UPGRADING to +2 cloak of the Butcher {rElec rC-
                  | Will+++ Str-2}.
  1395 | D:3      | 1395 ||| REMOVING ring of willpower.
  1408 | Sewer    | Entered a sewer
  1453 | Sewer    | Reached XP level 5. HP: 32/32 MP: 5/5
  1556 | Sewer    | 1556 ||| Stepping ~*~*~tactically~*~*~ (water).
  1569 | Sewer    | Noticed a kobold brigand
  1570 | Sewer    | 1570 ||| Stepping ~*~*~tactically~*~*~ (water).
  1573 | Sewer    | 1573 ||| Stepping ~*~*~tactically~*~*~ (water).
  1586 | Sewer    | Killed a kobold brigand
  1587 | Sewer    | Reached skill level 6 in Ranged Weapons
  1655 | Sewer    | 1655 ||| Stepping ~*~*~tactically~*~*~ (water).
  1709 | Sewer    | 1709 ||| Stepping ~*~*~tactically~*~*~ (water).
  1711 | Sewer    | 1711 ||| Stepping ~*~*~tactically~*~*~ (water).
  1713 | Sewer    | 1713 ||| Stepping ~*~*~tactically~*~*~ (water).
  1737 | Sewer    | 1737 ||| Stepping ~*~*~tactically~*~*~ (water).
  1796 | Sewer    | Reached XP level 6. HP: 37/37 MP: 6/6
  1932 | Sewer    | 1932 ||| READING scroll labelled JOR SIARAPUNIXKI.
  1933 | Sewer    | 1933 ||| READING scroll labelled YPHASUNNIAD.
  1934 | Sewer    | 1934 ||| READING scroll labelled SULIRCH IJAUR.
  1956 | D:3      | 1956 ||| PLANNING D:1-11
  2061 | D:3      | Found a faded altar of an unknown god.
  2068 | D:3      | 2068 ||| Stepping ~*~*~tactically~*~*~ (outnumbered).
  2450 | D:3      | Found a sacrificial altar of Ru.
  2561 | D:3      | 2561 ||| UPGRADING to amulet of faith.
  2566 | D:3      | 2566 ||| READING 2 scrolls labelled DISHOC SYLES.
  2567 | D:3      | 2567 ||| READING scroll labelled GEMNODO ZELUY.
  2568 | D:3      | 2568 ||| DRINKING 2 lumpy emerald potions.
  2701 | D:4      | Found Tathame's Antique Armour Shop.
  2709 | D:4      | 2709 ||| BUYING glowing robe (92 gold).
  2709 | D:4      | Bought a glowing robe for 92 gold pieces
  2709 | D:4      | 2709 ||| SHOPLISTING glowing scarf (200 gold, have 58).
  2709 | D:4      | 2709 ||| SHOPLISTING runed robe (92 gold, have 58).
  3024 | D:4      | Noticed a black bear
  3031 | D:4      | Killed a black bear
  3032 | D:4      | Reached skill level 7 in Ranged Weapons
  3032 | D:4      | Reached XP level 7. HP: 43/43 MP: 7/7
  3121 | D:4      | 3121 ||| UPGRADING to +1 robe of fire resistance.
  3131 | D:4      | 3131 ||| UPGRADING to ring of resist corrosion.
  3132 | D:4      | 3132 ||| DRINKING 2 dark potions.
  3133 | D:4      | 3133 ||| READING 3 scrolls of identify.
  3133 | D:4      | 3133 ||| IDENTIFYING sapphire potion
  3134 | D:4      | 3134 ||| READING 2 scrolls of identify.
  3134 | D:4      | 3134 ||| IDENTIFYING grey potion
  3143 | D:5      | Entered Level 5 of the Dungeon
  3276 | D:5      | Found a shadowy altar of Dithmenos.
  3480 | D:5      | 3480 ||| FLEEEEING.
  3679 | D:5      | Found a hide-covered altar of Uskayaw.
  3778 | D:5      | Reached skill level 8 in Ranged Weapons
  3895 | D:5      | Found a staircase to the Ecumenical Temple.
  3896 | D:5      | 3896 ||| PLANNING TEMPLE
  3896 | D:5      | 3896 ||| DROPPING +1 pair of gloves.
  3897 | D:5      | 3897 ||| READING scroll labelled HOEBLEA CAST.
  3898 | D:5      | 3898 ||| READING scroll labelled DYR NIRPHIDA.
  3905 | Temple   | Entered the Ecumenical Temple
  3915 | Temple   | 3915 ||| PLANNING OKAWARU WORSHIP
  3950 | Temple   | Became a worshipper of Warmaster Okawaru
  3950 | Temple   | 3950 ||| PLANNING D:1-11
  4032 | D:5      | Found a white marble altar of Elyvilon.
  4035 | D:5      | Found a broken altar of Ashenzari.
  4106 | D:5      | 4106 ||| DRINKING 2 clear potions.
  4107 | D:5      | 4107 ||| DROPPING potion of enlightenment.
  4199 | D:6      | Reached XP level 8. HP: 50/50 MP: 8/8
  4517 | D:6      | Reached * piety under Okawaru
  4519 | D:6      | 4519 ||| INVOKING Heroism.
  4604 | D:6      | Reached skill level 9 in Ranged Weapons
  4631 | D:6      | Noticed Edmund
  4648 | D:6      | Killed Edmund
  4649 | D:6      | Reached skill level 6 in Fighting
  4776 | D:6      | Noticed qw's ghost (novice GrFi)
  4776 | D:6      | Identified the +9 dire flail of Pyromania {flame, Str+4
                  | Int-3}
  4776 | D:6      | Noticed a two-headed ogre
  4777 | D:6      | Found a transporter.
  4781 | D:6      | Found a transporter.
  4782 | D:6      | 4782 ||| INVOKING Heroism.
  4783 | D:6      | 4783 ||| INVOKING Heroism.
  4784 | D:6      | 4784 ||| INVOKING Heroism.
  4785 | D:6      | 4785 ||| INVOKING Heroism.
  4789 | D:6      | Reached skill level 1 in Invocations
  4817 | D:6      | 4817 ||| READING 2 scrolls of identify.
  4817 | D:6      | 4817 ||| IDENTIFYING sedimented amethyst potion
  4854 | D:7      | Found a stormy altar of Qazlal.
  4970 | D:7      | 4970 ||| INVOKING Heroism.
  5034 | D:7      | 5034 ||| INVOKING Heroism.
  5068 | D:7      | Noticed a yak
  5068 | D:7      | Noticed a yak
  5068 | D:7      | Noticed a yak
  5072 | D:7      | Noticed a yak
  5078 | D:7      | Killed a yak
  5079 | D:7      | Reached skill level 10 in Ranged Weapons
  5079 | D:7      | Reached skill level 3 in Invocations
  5079 | D:7      | Reached XP level 9. HP: 55/55 MP: 9/11
  5085 | D:7      | 5085 ||| INVOKING Heroism.
  5086 | D:7      | 5086 ||| INVOKING Heroism.
  5087 | D:7      | HP: 11/55 [yak (6)]
  5087 | D:7      | HP: 1/55 [yak (10)]
  5088 | D:7      | 5088 ||| READING scroll of teleportation.
  5089 | D:7      | 5089 ||| DRINKING potion of heal wounds.
  5095 | D:7      | 5095 ||| FLEEEEING.
  5096 | D:7      | 5096 ||| FLEEEEING.
  5231 | D:7      | Reached skill level 3 in Dodging
  5291 | D:7      | 5291 ||| READING scroll of enchant armour.
  5291 | D:7      | 5291 ||| ENCHANTING +0 helmet.
  5300 | D:7      | Found a glowing golden altar of the Shining One.
  5345 | D:7      | Found a bloodstained altar of Trog.
  5345 | D:7      | Found a shimmering altar of Xom.
  5347 | D:7      | Found a radiant altar of Vehumet.
  5347 | D:7      | Found a shadowy altar of Dithmenos.
  5347 | D:7      | Found a sacrificial altar of Ru.
  5420 | D:7      | Found a bloodstained altar of Trog.
  5476 | D:7      | Reached ** piety under Okawaru
  5495 | D:7      | Found a glowing golden altar of the Shining One.
  5592 | D:7      | 5592 ||| FLEEEEING.
  5593 | D:7      | 5593 ||| FLEEEEING.
  5594 | D:7      | 5594 ||| FLEEEEING.
  5595 | D:7      | 5595 ||| FLEEEEING.
  5787 | D:7      | 5787 ||| DRINKING 2 orange potions.
  5787 | D:7      | Gained mutation: Your spells are a little easier to cast,
                  | but a little less powerful. [potion of mutation]
  5787 | D:7      | Gained mutation: You sometimes lose your temper in combat.
                  | [potion of mutation]
  5787 | D:7      | Gained mutation: You are weak. (Str -2) [potion of
                  | mutation]
  5787 | D:7      | Gained mutation: Your flesh is heat resistant. (rF+)
                  | [potion of mutation]
  5788 | D:7      | 5788 ||| DRINKING potion of mutation.
  5788 | D:7      | Lost mutation: Your flesh is heat resistant. (rF+) [potion
                  | of mutation]
  5788 | D:7      | Lost mutation: Your spells are a little easier to cast, but
                  | a little less powerful. [potion of mutation]
  5788 | D:7      | Gained mutation: You are frail. (-10% HP) [potion of
                  | mutation]
  5918 | D:8      | 5918 ||| INVOKING Heroism.
  6036 | D:8      | Noticed a hornet
  6040 | D:8      | Killed a hornet
  6041 | D:8      | Reached skill level 11 in Ranged Weapons
  6106 | D:8      | 6106 ||| INVOKING Heroism.
  6341 | D:8      | Reached *** piety under Okawaru
  6342 | D:8      | Reached XP level 10. HP: 50/57 MP: 13/13
  6492 | D:8      | Found a basalt altar of Yredelemnul.
  6512 | D:8      | Found a burning altar of Makhleb.
  6520 | D:8      | 6520 ||| READING scroll of enchant armour.
  6520 | D:8      | 6520 ||| ENCHANTING +1 helmet.
  6563 | D:8      | 6563 ||| DROPPING +0 ring mail.
  6564 | D:8      | 6564 ||| DROPPING ring of wizardry.
  6587 | D:9      | Found a sparkling altar of Nemelex Xobeh.
  6674 | D:9      | Noticed Maggie
  6704 | D:9      | 6704 ||| INVOKING Heroism.
  6705 | D:9      | Killed Maggie
  6724 | D:9      | Reached skill level 12 in Ranged Weapons
  6879 | D:9      | Reached **** piety under Okawaru
  6881 | D:9      | 6881 ||| INVOKING Heroism.
  6932 | D:9      | 6932 ||| INVOKING Heroism.
  6954 | D:9      | Noticed Psyche
  6964 | D:9      | 6964 ||| INVOKING Heroism.
  6965 | D:9      | Killed Psyche
  7031 | D:9      | 7031 ||| SWAPPING to +0 orcbow.
  7045 | D:9      | 7045 ||| INVOKING Heroism.
  7232 | D:9      | 7232 ||| INVOKING Heroism.
  7238 | D:9      | HP: 13/57 [yak (13)]
  7241 | D:9      | Slain by a yak

Levels and vault maps discovered:
D:1:      ldierk_walled_garden_2, layout_rooms, amcnicky_mini_corridor_feature
D:2:      layout_loops_ring, kennysheep_nub, uniq_terence, uniq_robin
D:3:      layout_loops_ring, nicolae_ru_path_of_blood, portal_sewer_entry_f,
          chequers_ecumenical_altar_twisty
D:4:      black_bear_nest_1, layout_cave_pools, serial_shops,
          nicolae_square_shop
D:5:      layout_basic, nicolae_uskayaw_suspiria,
          nicolae_dithmenos_through_a_glass_darkly, minitemple,
          minmay_temple_entry_mist
D:6:      layout_basic, gammafunk_ghost_smash, grunt_ministairs_13, uniq_edmund
D:7:      layout_loops_cross, lemuel_coloured_pillars_altar,
          mainiacjoe_overflow_six_doors_small, nicolae_qazlal_scattered_showers,
          doesnt_xom_only_xom
D:8:      layout_cave_pools, kennysheep_little_box,
          lemuel_zombie_altar_yredelemnul
D:9:      layout_irregular_city, amcnicky_altar_gilded, uniq_psyche, uniq_maggie
Temple:   nicolae_temple_ecumenical_triangle

Skill      XL: |  1  2  3  4  5  6  7  8  9 10 |
---------------+-------------------------------+-----
Ranged Weapons | 5 6 7 8 10 11 12 | 12.5
Fighting       | 3 4 5 6 8 |  8.1
Armour         | 1 2 |  2.0
Dodging        | 2 3 4 |  4.1
Invocations    | 3 4 5 |  5.6
Stealth        | |  1.1

Action                     |  1- 3 |  4- 6 |  7- 9 | 10-12 || total
---------------------------+-------+-------+-------+-------++-------
   Fire: Shortbow          |    87 |   176 |   343 |   136 ||   742
         Orcbow            |       |       |       |    59 ||    59
 Invoke: Heroism           |       |       |     7 |     6 ||    13
    Use: Scroll            |     4 |     8 |     7 |     1 ||    20
         Potion            |       |     1 |     5 |       ||     6
 Armour: Leather armour    |    24 |     1 |       |       ||    25
         Ring mail         |       |    21 |       |       ||    21
         Robe              |       |       |    69 |    74 ||   143
  Dodge: Dodged            |    38 |    29 |    82 |    84 ||   233

Table legend:
 A = Non-vault XP
 B = Vault XP
 C = Vault XP percentage of total XP
 D = Non-vault monster count
 E = Vault monster count
 F = Vault count percentage of total count
                 A         B        C        D         E       F
            +---------+---------+-------+---------+---------+-------
      Total |    6150 |    1854 |  23.2 |     150 |      54 |  26.5
            +---------+---------+-------+---------+---------+-------
        D:1 |      30 |       0 |   0.0 |      17 |       0 |   0.0
        D:2 |      43 |      74 |  63.2 |      11 |      14 |  56.0
        D:3 |      44 |       8 |  15.4 |       8 |       4 |  33.3
        D:4 |     119 |     143 |  54.6 |      12 |       1 |   7.7
        D:5 |     410 |       0 |   0.0 |      15 |       0 |   0.0
        D:6 |     676 |     193 |  22.2 |      12 |       3 |  20.0
        D:7 |    1483 |       0 |   0.0 |      24 |       0 |   0.0
        D:8 |    1341 |     507 |  27.4 |      25 |       2 |   7.4
        D:9 |    2004 |     735 |  26.8 |      26 |       2 |   7.1
      Sewer |       0 |     194 | 100.0 |       0 |      28 | 100.0
            +---------+---------+-------+---------+---------+-------
